 Dungeon Crawl Stone Soup version 0.30.1-11-g7821555f0a (webtiles) character file.

Game seed: 12921782757208848486

9 GordonOverkill the Sneak (level 2, 0/16 HPs)
             Began as a Spriggan Delver on Jan 17, 2024.
             Slain by Pargi (2 damage)
             ... in a sewer.
             The game lasted 00:01:26 (292 turns).

GordonOverkill the Sneak (Spriggan Delver)           Turns: 292, Time: 00:01:27

Health: 0/16       AC:  2    Str:  8    XL:     2   Next: 3%
Magic:  3/3        EV: 17    Int: 11    God:
Gold:   15         SH:  0    Dex: 16    Spells: 1/1 levels left

rFire   . . .        i - +1 hand axe (drain)
rCold   . . .        (no shield)
rNeg    . . .        b - +0 robe
rPois   .            (helmet restricted)
rElec   .            (no cloak)
rCorr   .            (gloves unavailable)
SInv    +            (boots unavailable)
Will    .....        (no amulet)
Stlth   ++++         (no ring)
HPRegen 0.22/turn    (no ring)
MPRegen 0.08/turn

%: no passive effects
@: hasted, very quick
A: very small, no large weapons, unfitting armour, see invisible, speed 3
a: no special abilities


You were in a sewer.
You visited 1 branch of the dungeon, and saw 2 of its levels.
You also visited: Sewer.

You collected 15 gold pieces.

Inventory:

Hand Weapons
 a - a +0 short sword
 i - a +1 hand axe of draining (weapon)
Armour
 b - a +0 robe (worn)
Jewellery
 h - a +5 ring of evasion
Wands
 g - a wand of digging (3)
Scrolls
 c - 2 scrolls of fog
 d - a scroll of magic mapping
 e - a scroll of fear
Potions
 j - a potion of mutation {unknown}


   Skills:
 - Level 2.4 Fighting
 - Level 2.1 Short Blades
 + Level 1.3 Axes
 - Level 2.6 Dodging
 - Level 7.2 Stealth


You had one spell level left.
You didn't know any spells.
Your spell library was empty.

Dungeon Overview and Level Annotations

Branches:
Dungeon (6/15)              Sewer (1/1)
 Temple: D:4-7

Altars:

Annotations:
Sewer Pargi


Innate Abilities, Weirdness & Mutations

You are very small and have problems with some larger weapons.
You are too small for most types of armour.
You have supernaturally acute eyesight. (SInv)
You cover ground extremely quickly. (Speed+++)


Message History

You enter the shallow water.
Moving in this stuff is going to be slow.
You enter the shallow water.
Moving in this stuff is going to be slow.
You enter the shallow water.
Moving in this stuff is going to be slow.
You enter the shallow water.
Moving in this stuff is going to be slow.
Partly explored, can't reach some places.
Unknown command.
Okay, then.
Okay, then.
You enter the shallow water.
Moving in this stuff is going to be slow.
Found a scroll labelled BONGEU BETAOPN and a puce potion.
You feel yourself speed up.
You hit Pargi. You drain Pargi.
Pargi is moderately wounded.
Pargi bites you but does no damage. Pargi barely misses you. Pargi claws you.
You hit Pargi.
Pargi is moderately wounded.
Pargi bites you but does no damage. Pargi barely misses you. Pargi claws you.
You barely miss Pargi.
Pargi is moderately wounded.
You hit Pargi.
Pargi is heavily wounded.
Pargi bites you.
* * * LOW HITPOINT WARNING * * *
Pargi claws you.
* * * LOW HITPOINT WARNING * * *
Pargi barely misses you.
You closely miss Pargi.
Pargi is heavily wounded.
Pargi bites you.
* * * LOW HITPOINT WARNING * * *
Pargi closely misses you. Pargi misses you.
You closely miss Pargi.
Pargi is moderately wounded.
Pargi bites you.
You die...

≈≈≈###≈#≈≈≈#≈≈≈#
##≈≈≈≈≈≈≈≈≈≈≈≈≈≈≈≈≈##
##≈≈≈≈≈≈≈≈≈≈≈≈≈≈≈≈≈≈≈##
##≈≈≈≈≈≈≈≈≈≈≈≈≈≈≈≈≈≈≈≈≈##
#≈≈≈≈≈≈≈≈≈≈≈≈≈≈≈≈≈≈≈≈≈≈≈#
###≈≈≈≈≈≈≈≈≈≈≈≈≈≈≈≈≈≈≈≈≈≈≈≈
##≈≈≈≈≈≈≈≈≈≈≈≈≈≈≈≈≈≈≈≈≈≈≈≈≈≈
#≈≈≈≈≈≈≈≈≈≈≈≈≈≈≈~~≈≈≈≈≈≈≈≈≈≈
##≈≈≈≈≈≈≈≈~~@T≈~.##.≈≈≈≈≈≈≈≈≈
##≈≈≈≈≈≈≈≈...##~#####~~≈≈≈≈≈≈≈
##≈≈≈≈≈≈≈≈~.####~# ###~≈≈≈≈≈≈
##≈≈≈≈≈≈≈≈≈~## #.# #.≈≈≈≈≈≈
#≈≈≈≈≈≈≈≈≈.## #.# #~≈≈≈≈≈≈
#≈≈≈≈≈≈≈≈≈~# #.# ##~≈≈≈≈≈
#≈≈≈≈≈≈≈≈~## #~# ##†≈≈≈≈
##≈≈≈≈≈≈≈~# #.# #~≈≈≈≈
#≈≈≈≈≈≈≈~.# !~? ##.≈≈≈


You could see Pargi (drained).

Vanquished Creatures
  3 giant cockroaches (D:6)
  A quokka (D:6)
  2 ball pythons (Sewer)
  3 frilled lizards (Sewer)
9 creatures vanquished.

Notes
Turn   | Place    | Note
-------+----------+-------------------------------------------
     0 | D:5      | GordonOverkill the Spriggan Delver began the quest for the
                  | Orb.
     0 | D:5      | Reached XP level 1. HP: 11/11 MP: 2/2
    34 | D:6      | Found a glowing drain.
    56 | D:6      | Reached skill level 1 in Axes
    68 | D:6      | Noticed a scorpion
   104 | Sewer    | Entered a sewer
   193 | Sewer    | Noticed Pargi
   244 | Sewer    | Reached XP level 2. HP: 12/16 MP: 3/3
   292 | Sewer    | Slain by Pargi

Illustrated notes

Levels and vault maps discovered:
D:5:      layout_rooms, zin_angel, minmay_temple_entry_water_ring,
          saegor_snake_ambush
D:6:      layout_basic, nicolae_qazlal_scattered_showers, portal_sewer_entry_f,
          nicolae_shop_dragon_depot, uniq_crazy_yiuf_cottage, uniq_eustachio,
          uniq_menkaure
Sewer:    sewer_co_pargi_island

Skill      XL: |  1 |
---------------+----+-----
Axes           | 1 |  1.3
Fighting       | |  2.4
Short Blades   | |  2.1
Dodging        | |  2.6
Stealth        | |  7.2

Action                     || total
---------------------------++-------
  Melee: Hand axe          ||    26
    Use: Potion            ||     1
   Stab: Sleeping          ||     2
 Armour: Robe              ||     4
  Dodge: Dodged            ||    22
